Map: Curious Minds LE

Players

Boots - Winner!

  • Race: Zerg Zerg
  • League: Diamond
  • Spawn Location: 11:00

tsukabon

  • Race: Terran Terran
  • League: Diamond
  • Spawn Location: 5:00

VOD

Have the link to the VOD?

Description

Time

  • Played on: May 28, 2022, 6:53 a.m.
  • Length: 12:32
Show
View Real Time Build Order
Export as new Build Order

Boots Zerg - Winner!

Build Orders: Hatch First 

Get SALT Encoding   

  12  0:00  Drone  
  13  0:14  Overlord  
  13  0:17  Drone  
  14  0:32  Drone x2  
  16  0:48  Hatchery  
  15  0:51  Drone  
  15  0:55  Drone  
  17  0:59  Drone  
  18  1:09  Extractor  
  17  1:14  Spawning Pool  
  17  1:16  Drone  
  17  1:20  Drone  
  18  1:32  Drone  
  19  1:40  Drone  
  20  1:51  Drone  
  21  2:04  Queen x2  
  21  2:05  Drone  
  21  2:08  Overlord  
  26  2:13  Zergling x2  
  26  2:14  Zergling x2  
  27  2:31  Hatchery  
  27  2:36  Drone x3  
  27  2:37  Drone  
  30  2:50  Metabolic Boost  
  30  2:52  Drone  
  30  2:54  Overlord  
  31  3:03  Drone x2  
  33  3:14  Queen  
  33  3:15  Queen  
  33  3:18  Overlord  
  37  3:23  Drone x5  
  42  3:29  Overlord  
  42  3:33  Overlord  
  42  3:38  Drone  
  42  3:41  Drone  
  44  3:43  Drone  
  45  3:53  Queen  
  47  3:57  Lair  
  47  4:02  Extractor, Drone  
  47  4:05  Drone x2  
  47  4:06  Drone  
  50  4:20  Evolution Chamber, Drone x3  
  50  4:21  Evolution Chamber  
  50  4:22  Roach Warren  
  50  4:23  Drone  
  50  4:24  Extractor, Drone x3  
  53  4:33  Drone x2  
  53  4:34  Drone x5  
  60  4:40  Drone x3  
  63  4:53  Drone  
  63  4:54  Extractor, Drone x2  
  63  4:58  Drone  
  66  5:02  Glial Reconstitution  
  66  5:06  Zerg Missile Weapons Level 1  
  66  5:08  Zerg Ground Armor Level 1  
  66  5:12  Overlord x3  
  66  5:13  Overlord x2  
  64  5:36  Roach, Hatchery  
  64  5:37  Roach x6  
  67  5:55  Roach  
  67  5:56  Roach x9  
  80  6:07  Roach x3  
  80  6:22  Roach x4  
  88  6:29  Drone  
  88  6:30  Queen, Drone  
  92  6:38  Drone x5  
  95  7:04  Roach x5  
  95  7:05  Roach x3  
  103  7:19  Ravager  
  103  7:20  Ravager x2  
  106  7:37  Overlord x4  
  106  7:44  Overseer  
  106  7:58  Drone x9  
  105  8:09  Extractor  
  105  8:10  Hatchery  
  105  8:11  Extractor  
  82  8:30  Drone x3  
  82  8:31  Extractor x2  
  82  8:32  Drone x3  
  82  8:36  Zerg Missile Weapons Level 2  
  69  8:41  Zerg Ground Armor Level 2  
  69  8:44  Drone  
  69  8:45  Hydralisk Den  
  67  8:49  Drone x3  
  67  8:50  Drone x3  
  73  8:56  Roach x2  
  77  9:06  Drone  
  77  9:08  Roach  
  77  9:09  Roach x9  
  98  9:20  Grooved Spines  
  98  9:24  Queen  
  98  9:26  Overseer  
  98  9:27  Overseer  
  98  9:29  Overlord x2  
  98  9:30  Hydralisk x4  
  98  9:31  Hydralisk  
  110  9:41  Hydralisk  
  110  9:42  Hydralisk x3  
  116  10:27  Infestation Pit  
  116  10:28  Drone x5  
  117  10:29  Drone x4  
  117  10:30  Roach  
  117  10:31  Roach x6  
  117  10:32  Muscular Augments  
  117  10:35  Overlord x2  
  124  11:00  Spire  
  124  11:01  Drone  
  124  11:06  Hive  
  124  11:13  Hydralisk  
  124  11:14  Hydralisk x11  
  124  11:15  Roach x4  
  124  11:16  Roach  
  158  11:18  Overlord  
  158  11:21  Overseer  
  158  11:25  Overlord x2  
  158  11:29  Roach x5  
  168  11:51  Roach x12  
  192  11:57  Extractor  
  192  11:58  Hatchery  
  190  12:02  Extractor  
Show
View Real Time Build Order
Export as new Build Order

tsukabon Terran 

Build Orders: Reaper Expand 

Get SALT Encoding   

  12  0:01  SCV  
  13  0:13  SCV  
  14  0:17  Supply Depot  
  14  0:25  SCV  
  15  0:39  SCV  
  15  0:41  Barracks  
  16  0:44  Refinery  
  16  0:51  SCV  
  17  1:03  SCV  
  18  1:15  SCV  
  19  1:29  Orbital Command  
  19  1:30  Reaper  
  20  1:44  Command Center  
  20  1:56  SCV  
  21  2:03  Barracks  
  21  2:11  SCV  
  21  2:13  Refinery  
  22  2:16  Barracks Reactor  
  22  2:18  Supply Depot  
  22  2:27  Factory  
  22  2:41  SCV  
  23  2:52  Barracks Tech Lab  
  23  2:53  Marine x2  
  23  2:57  SCV  
  26  2:58  Orbital Command  
  26  3:09  SCV  
  26  3:10  Stimpack  
  27  3:13  Marine x2  
  27  3:14  Marine  
  30  3:28  Starport, Factory Reactor  
  30  3:31  SCV x2  
  30  3:33  Marine x2  
  34  3:35  Marine  
  35  3:46  SCV x2  
  37  3:53  Supply Depot, Marine x2  
  37  3:54  Marine  
  40  3:57  Supply Depot  
  40  4:13  SCV x2  
  40  4:14  Marine  
  40  4:15  Marine x2  
  40  4:17  Medivac x2  
  49  4:25  Engineering Bay  
  49  4:30  Engineering Bay  
  49  4:32  Marine x2, SCV x2  
  53  4:39  Marine  
  53  4:44  SCV  
  53  4:45  SCV  
  56  4:59  Terran Infantry Weapons Level 1, Terran Infantry Armor Level 1  
  56  5:03  SCV x2  
  56  5:04  Supply Depot  
  56  5:06  Supply Depot  
  58  5:08  Supply Depot, Marine x3  
  58  5:11  Combat Shield  
  61  5:24  SCV  
  61  5:26  Medivac, SCV  
  65  5:36  SCV  
  65  5:38  SCV  
  66  5:51  Marine x3  
  66  5:52  Factory Tech Lab  
  68  6:09  Marine  
  68  6:10  Medivac x2  
  68  6:11  Marine x2  
  72  6:19  Refinery  
  72  6:21  Refinery  
  72  6:23  Barracks  
  72  6:24  Barracks x2  
  68  6:25  Barracks  
  68  6:28  SCV x2  
  68  6:32  Command Center  
  70  6:39  Barracks  
  70  6:40  SCV  
  70  6:41  SCV  
  70  6:47  Armory  
  71  6:55  SCV  
  56  7:20  Siege Tank  
  56  7:21  Barracks Reactor x3  
  56  7:22  Barracks Reactor  
  58  7:26  Medivac  
  58  7:27  Marine  
  58  7:28  Marine x2  
  63  7:45  Supply Depot  
  63  7:48  Supply Depot  
  63  8:05  Marine  
  61  8:06  Marine x2  
  57  8:14  Marine x7  
  53  8:25  Marine x2  
  49  8:29  Marine  
  49  8:33  Orbital Command  
  50  8:39  Marine x3  
  48  8:53  SCV x2  
  50  9:02  SCV  
  51  9:24  Siege Tank  
  51  9:25  Engineering Bay  
  51  9:27  Supply Depot  
  51  9:31  Marauder  
  56  9:32  Barracks Tech Lab  
  56  9:50  Supply Depot, Marauder, Marine x3  
  56  9:52  Marauder  
  54  10:01  Marine x4, Siege Tank  
  54  10:02  Marine x3  
  64  10:08  Marine  
  64  10:11  Marauder  
  61  10:14  Orbital Command  
  61  10:15  SCV x2  
  63  10:27  SCV  
  63  10:28  SCV  
  65  10:31  Medivac x2  
  65  10:33  Concussive Shells  
  69  10:37  Siege Tank  
  69  10:40  SCV  
  68  10:51  Marine x4  
  68  10:54  SCV x2  
  73  11:00  Orbital Command  
  72  11:09  Marine  
  72  11:10  Marauder x2, Marine x2  
  79  11:16  SCV  
  79  11:18  Refinery  
  80  11:29  SCV  
  81  11:33  SCV  
  82  11:48  SCV x3  
  85  12:01  Marine x6, SCV x3  
  93  12:07  Supply Depot  
  93  12:08  Supply Depot  
  97  12:10  Supply Depot  
  97  12:13  SCV  
  98  12:17  Engineering Bay  
Tags
 
Add a new tag
Caveats
  • Supply blocks, unpowered buildings, or Contaminate may cause inaccurate times.
  • Supply counts are checked every 10 seconds.